 Dungeon Crawl Stone Soup version 0.29-a0-821-g66395355a5 (webtiles) character file.

Game seed: 11511931727176258380

1653 jlumianski the Chopper (level 8, -2/61 HPs)
             Began as a Demonspawn Fighter on July 8, 2022.
             Was a Follower of Qazlal.
             Shot with an arrow by a centaur (3 damage)
             ... on level 7 of the Dungeon.
             The game lasted 00:22:23 (7000 turns).

jlumianski the Chopper (Demonspawn Fighter)         Turns: 7000, Time: 00:22:23

Health: -2/61      AC: 18    Str: 20    XL:     8   Next: 68%
Magic:  10/10      EV:  6    Int:  9    God:    Qazlal [*.....]
Gold:   328        SH:  7    Dex: 12    Spells: 7/7 levels left

rFire   . . .      SeeInvis .   a - +1 war axe
rCold   . . .      Faith    .   c - +0 buckler
rNeg    . . .      Spirit   .   x - +0 plate armour
rPois   +          Reflect  .   (helmet restricted)
rElec   .          Harm     .   w - +0 cloak
rCorr   .          Rampage  .   D - +0 pair of gloves
Will    +....                   j - +2 pair of boots
Stlth   ..........              (no amulet)
HPRegen 0.20/turn               n - ring of poison resistance
MPRegen 0.12/turn               r - ring of willpower

@: no status effects
A: horns 2, foul stench 1, sharp scales 1
a: Renounce Religion


You were on level 7 of the Dungeon.
You worshipped Qazlal.
Qazlal was aware of your devotion.
You visited 1 branch of the dungeon, and saw 7 of its levels.

You collected 328 gold pieces.

Inventory:

Hand Weapons
 a - a +1 war axe (weapon)
 d - a +3 flail of protection
 l - a +1 short sword of speed
 u - a +0 vorpal hand axe
Missiles
 f - 75 stones
 g - 10 poisoned darts
 o - 8 boomerangs (quivered)
Armour
 b - a +0 scale mail
 c - a +0 buckler (worn)
 e - a +0 helmet
 j - a +2 pair of boots (worn)
 m - a +1 ring mail of willpower
 p - a +0 chain mail
 w - a +0 cloak (worn)
 x - a +0 plate armour (worn)
 D - a +0 pair of gloves (worn)
 E - a +0 scale mail of willpower
Jewellery
 n - a ring of poison resistance (left hand)
 r - a ring of willpower (right hand)
 H - a ring of willpower
Wands
 v - a wand of iceblast (21)
Scrolls
 s - a scroll of identify
 y - a scroll of magic mapping
 F - a scroll of immolation
Potions
 h - 2 potions of lignification {unknown}
 i - a potion of mutation
 k - a potion of ambrosia
 q - a potion of resistance
 t - 2 potions of magic
 z - 6 potions of curing
 A - a potion of berserk rage
 B - a potion of flight {unknown}
 C - 2 potions of might


   Skills:
 + Level 4.5 Fighting
 + Level 6.5 Axes
 + Level 0.1 Throwing
 + Level 5.0 Armour
 + Level 0.6 Dodging
 + Level 0.4 Stealth
 + Level 4.5 Shields
 * Level 3.7 Invocations
 * Level 3.2 Evocations


You had 7 spell levels left.
You didn't know any spells.
Your spell library contained the following spells:

 Spells                   Type           Power      Damage    Failure   Level
 Apportation              Tloc           0%         N/A       100%        1
 Beastly Appendage        Tmut           0%         N/A       100%        1
 Necrotise                Necr           0%         1d4       100%        1
 Summon Small Mammal      Summ           0%         N/A       100%        1
 Wereblood                Tmut           0%         N/A       100%        2
 Spider Form              Tmut/Pois      0%         N/A       100%        3


Dungeon Overview and Level Annotations

Branches:
Dungeon (7/15)
 Temple: D:4-7

Altars:
Cheibriados
Kikubaaqudgha
Makhleb
Qazlal

Annotations:
D:7 1 transporter, haplo13's ghost, novice MiFi


Innate Abilities, Weirdness & Mutations

You have a pair of horns on your head.
You may rarely emit foul miasma when damaged in melee.
You are partially covered in razor-sharp scales. (AC +1, Slay +1)


Message History

You hit the scorpion. You barely miss the orc.
The orc hits you but does no damage. You block the scorpion's attack.
Your Armour skill increases to level 5!
The scorpion stings you but does no damage.
The orc barely misses you.
A centaur comes into view.
You barely miss the orc.
The centaur shouts!
Your headbutt misses the orc.
The orc is almost dead.
You hit the scorpion but do no damage.
The scorpion stings you but does no damage.
You block the orc's attack. The scorpion completely misses you.
You slash the orc!
You kill the orc!
Qazlal accepts your kill.
You slash the scorpion!
The centaur wields a +0 shortbow.
The centaur shoots an arrow.
The arrow barely misses you.
The arrow hits the scorpion!
The scorpion dies!
The centaur shoots an arrow.
The arrow hits you but does no damage. The ogre barely misses you.
You hit the ogre.
The ogre is moderately wounded.
The centaur shoots an arrow.
The arrow hits you!
The centaur shoots an arrow.
The arrow hits you!
You hit the ogre.
The ogre is moderately wounded.
You block the ogre's attack.
The centaur shoots an arrow.
The arrow hits you!
A water moccasin comes into view.
The water moccasin hisses angrily.
The centaur shoots an arrow.
You block the arrow.
The ogre hits you with a +0 giant spiked club!
* * * LOW HITPOINT WARNING * * *
The ogre attacks as you move away!
The ogre hits you with a +0 giant spiked club!
* * * LOW HITPOINT WARNING * * *
Found a stone staircase leading down.
The centaur shoots an arrow.
The arrow hits you.
You die...

...#.#.#.#.# .
.........>### ..
.#.....#.....#
................#
...#.....#.....#
................#
....#c#.#.#.....#
....S..@........#
..........§......
........O.†......
..........°......
..!..............
.................
#................
#.....#..........
#.....<##........


You could see a water moccasin, an ogre and a centaur.

Vanquished Creatures
  Edmund (D:6)
  2 black bears
  An orc warrior (D:6)
  2 necrophages
  A scorpion (D:6)
  A howler monkey (D:6)
  3 hounds
  A gnoll bouda (D:4)
  2 jellies
  3 orc priests
  Ijyb (D:4)
  Terence (D:3)
  9 iguanas
  3 orc wizards
  Robin (D:3)
  10 gnolls
  11 adders
  A white imp (D:7)
  2 ufetubi
  2 worms (D:3)
  A dart slug (D:3)
  13 orcs
  10 ball pythons
  8 endoplasms
  5 giant cockroaches
  19 goblins
  10 hobgoblins
  4 jackals (D:3)
  9 kobolds
  4 quokkas
  11 bats
  4 rats
  A bush (D:1)
157 creatures vanquished.

Vanquished Creatures (others)
  A scorpion (D:7)
1 creature vanquished.

Grand Total: 158 creatures vanquished

Notes
Turn   | Place    | Note
-------+----------+-------------------------------------------
     0 | D:1      | jlumianski the Demonspawn Fighter began the quest for the
                  | Orb.
     0 | D:1      | Reached XP level 1. HP: 18/18 MP: 1/1
   349 | D:1      | Found a faded altar of an unknown god.
   378 | D:1      | Gained mutation: You have a pair of small horns on your
                  | head. [demonic ancestry]
   378 | D:1      | Reached XP level 2. HP: 19/24 MP: 2/2
   681 | D:1      | Reached skill level 2 in Axes
  1095 | D:2      | Gained mutation: You may rarely emit foul miasma when
                  | damaged in melee. [demonic ancestry]
  1095 | D:2      | Reached XP level 3. HP: 28/29 MP: 3/3
  1907 | D:3      | Gained mutation: You are partially covered in razor-sharp
                  | scales. (AC +1, Slay +1) [demonic ancestry]
  1907 | D:3      | Reached XP level 4. HP: 35/35 MP: 4/4
  1952 | D:3      | Noticed Terence
  1956 | D:3      | Killed Terence
  1957 | D:3      | Reached skill level 3 in Axes
  2101 | D:3      | Noticed Robin
  2441 | D:3      | Killed Robin
  2470 | D:3      | Reached XP level 5. HP: 41/41 MP: 5/5
  2638 | D:4      | Found an ancient bone altar of Kikubaaqudgha.
  2658 | D:4      | Found a snail-covered altar of Cheibriados.
  3038 | D:3      | Reached skill level 4 in Axes
  3043 | D:3      | Gained mutation: You have a pair of horns on your head.
                  | [demonic ancestry]
  3043 | D:3      | Reached XP level 6. HP: 47/48 MP: 6/6
  3315 | D:4      | Noticed Ijyb
  3327 | D:4      | Killed Ijyb
  3538 | D:5      | Entered Level 5 of the Dungeon
  3608 | D:4      | Found a stormy altar of Qazlal.
  3616 | D:4      | Became a worshipper of Qazlal Stormbringer
  3758 | D:4      | Reached skill level 1 in Evocations
  3953 | D:4      | Reached XP level 7. HP: 53/54 MP: 7/7
  4739 | D:5      | Reached * piety under Qazlal
  4742 | D:5      | Reached skill level 5 in Axes
  5198 | D:5      | Reached skill level 1 in Invocations
  5497 | D:6      | Noticed Edmund
  5509 | D:6      | Killed Edmund
  5510 | D:6      | Reached XP level 8. HP: 23/60 MP: 9/9
  5927 | D:7      | Found a transporter.
  6030 | D:6      | Reached skill level 6 in Axes
  6817 | D:6      | Found a burning altar of Makhleb.
  6942 | D:7      | Noticed a moth of wrath
  6960 | D:7      | Noticed haplo13's ghost (novice MiFi)
  6994 | D:7      | Reached skill level 5 in Armour
  7000 | D:7      | HP: 1/61 [ogre/+0 giant spiked club (12)]
  7000 | D:7      | Shot with an arrow by a centaur

Illustrated notes

Levels and vault maps discovered:
D:1:      minmay_arrival_widening_spiral_wide, layout_rooms,
          hellmonk_ecumenical_altar_zigzags, serial_forest,
          infiniplex_forest_lined_3, infiniplex_forest_straight_2,
          infiniplex_forest_lined_4_way, infiniplex_forest_straight_4,
          infiniplex_forest_corner_1, infiniplex_forest_end_2,
          infiniplex_forest_clump_medium, minmay_hexomino_u4
D:2:      layout_loops_ring, ebering_dispersal_statue_hall
D:3:      minmay_skewed_foursquare, layout_rooms, uniq_robin, uniq_terence
D:4:      layout_basic, mainiacjoe_overflow_small_starburst,
          nicolae_overflow_hidden_temple, grunt_temple_overflow_open, uniq_ijyb
D:5:      layout_cave_pods
D:6:      layout_cave_pools, lightli_temple_of_fire, serial_co_window_serial,
          co_window_corner_a, co_window_corner_a, co_window_paths_b,
          co_window_of_opportunity_a, co_window_corner_a, co_window_2corner,
          co_window_cross_3, co_window_unsneaky_path_e,
          co_window_of_opportunity_b, co_window_of_opportunity_c,
          co_window_corner_b, glass_columns_c, glass_columns_a, glass_columns_b,
          glass_columns_b, uniq_edmund
D:7:      layout_layer_cave, lemuel_temple_firewalk_b,
          gammafunk_ghost_wrathful_warriors, serial_rivers,
          chequers_serial_rivers_small_b, chequers_serial_rivers_large_b,
          chequers_serial_rivers_micro_e, chequers_serial_rivers_room_b,
          serial_shops, nicolae_square_shop, st_stairs_2, grunt_ministairs_1

Skill      XL: |  1  2  3  4  5  6  7  8 |
---------------+-------------------------+-----
Axes           | 2 3 4 5 6 |  6.5
Armour         | 3 4 5 |  5.0
Shields        | 3 4 |  4.5
Evocations     | 1 3 |  3.2
Fighting       | 4 |  4.5
Invocations    | 2 3 |  3.7
Throwing       | |  0.1
Dodging        | |  0.6
Stealth        | |  0.4

Action                   |  1- 3 |  4- 6 |  7- 9 || total
-------------------------+-------+-------+-------++-------
Melee: War axe           |   181 |   167 |   133 ||   481
       Headbutt          |    32 |    25 |    31 ||    88
Throw: Dart              |       |       |     6 ||     6
       Boomerang         |       |       |     2 ||     2
Evoke: Wand              |       |       |     1 ||     1
  Use: Scroll            |     6 |     2 |     7 ||    15
       Potion            |     1 |     2 |     1 ||     4
Armor: Scale mail        |    34 |       |       ||    34
       Chain mail        |    20 |       |       ||    20
       Plate armour      |    19 |   168 |    99 ||   286
Dodge: Dodged            |    59 |    61 |    36 ||   156
Block: Buckler           |    25 |    70 |    47 ||   142

Table legend: (Time is in decaauts)
 A = Elapsed time spent in this place.
 B = Non-inter-level travel time spent in this place.
 C = Inter-level travel time spent in this place.
 D = Time resting spent in this place.
 E = Time spent auto-exploring this place.
 F = Levels seen in this place.
 G = Mean time per level.
                   A        B        C        D        E       F      G
               +--------+--------+--------+--------+--------+-----+--------+
         Total |   7183 |   7123 |     60 |    614 |   3994 |   7 | 1026.1 |
       Dungeon |   7183 |   7123 |     60 |    614 |   3994 |   7 | 1026.1 |
               +--------+--------+--------+--------+--------+-----+--------+

Top non-repeatable levels by time:
     D:6: 1554 daAuts
     D:4: 1257 daAuts
     D:1: 1121 daAuts
     D:3: 1064 daAuts
     D:2: 1052 daAuts
     D:5: 1025 daAuts
     D:7: 107 daAuts
